 Dungeon Crawl Stone Soup version 0.18-a0-1692-g516f9e9 (webtiles) character file.

1746 Heskey the Skirmisher (level 8, -15/67 HPs)
             Began as a Demonspawn Gladiator on Apr 5, 2016.
             Was a Believer of Makhleb.
             Demolished by an orc warrior
             ... wielding a +0 glaive
              (21 damage)
             ... on level 5 of the Dungeon.
             The game lasted 00:17:17 (7682 turns).

Heskey the Skirmisher (Demonspawn Gladiator)        Turns: 7682, Time: 00:17:18

Health: -15/67     AC:  8    Str: 21    XL:     8   Next: 77%
Magic:  10/10      EV:  1    Int:  9    God:    Makhleb [**....]
Gold:   378        SH: 13    Dex: 13    Spells: 0 memorised, 7 levels left

rFire  . . .     SeeInvis .     a - +1 trident
rCold  . . .     Gourm    .     y - +0 scale mail
rNeg   + . .     Faith    .     b - +0 large shield
rPois  .         Spirit   .     q - +1 hat
rElec  .         Dismiss  .     (no cloak)
rCorr  .         Reflect  .     (no gloves)
SustAt .         Harm     .     (no boots)
MR     .....                    (no amulet)
Stlth  +.........               (no ring)
                                z - ring of positive energy

@: very slightly contaminated, not resistant to hostile enchantments, very
unstealthy
A: hooves 1, demonic guardian 1, nightstalker 1, strong 1, wild magic 1
a: Minor Destruction, Renounce Religion


You were on level 5 of the Dungeon.
You worshipped Makhleb.
Makhleb was pleased with you.
You were not hungry.

You visited 1 branch of the dungeon, and saw 6 of its levels.

You collected 378 gold pieces.

Inventory:

Hand Weapons
 a - a +1 trident (weapon)
Missiles
 d - 3 throwing nets (quivered)
Armour
 b - a +0 large shield (worn)
 q - a +1 hat (worn)
 y - a +0 scale mail (worn)
Jewellery
 z - a ring of positive energy (left hand)
Wands
 c - a wand of slowing (20/48)
 o - a wand of disintegration (10/24)
 v - a wand of disintegration (12/24)
Scrolls
 e - 4 scrolls of identify
 l - 3 scrolls of remove curse
 n - a scroll of noise
 s - a scroll of magic mapping
Potions
 g - a potion of curing
 x - a potion of mutation
Books
 B - a book of Minor Magic

   Spells                             Type                      Level
   a - Magic Dart                     Conjuration                  1
   b - Blink                          Translocation                2
   c - Call Imp                       Summoning                    2
   d - Repel Missiles                 Charms/Air                   2
   e - Slow                           Hexes                        2
   f - Conjure Flame                  Conjuration/Fire             3
   g - Mephitic Cloud                 Conjuration/Poison/Air       3
Comestibles
 f - 4 bread rations
 h - a meat ration
 j - 2 slices of pizza
 m - 2 chunks of flesh


   Skills:
 * Level 7.1 Fighting
 + Level 5.8 Polearms
 - Level 1.7 Throwing
 + Level 4.8 Armour
 - Level 2.6 Dodging
 + Level 2.5 Shields
 - Level 3.3 Invocations


You had 7 spell levels left.
You didn't know any spells.

Dungeon Overview and Level Annotations

Branches:
Dungeon (6/15)             Temple (0/1) D:5

Altars:
Dithmenos
Makhleb
Pakellas
Vehumet
Xom
Zin


Innate Abilities, Weirdness & Mutations

A weak demonic guardian rushes to your aid.
You are slightly more attuned to the shadows.
You have large cloven feet.
Your muscles are strong. (Str +2)
Your spells are a little harder to cast, but a little more powerful.


Message History

Your quasit claws the orc warrior but does no damage. x2
Your quasit's attack snaps the orc warrior out of its fear.
Your quasit bites the orc warrior but does no damage.
Your quasit claws the orc warrior but does no damage. x2
The orc warrior hits you from afar with a glaive.
* * * LOW HITPOINT WARNING * * *
Read which item? (? for menu, Esc to quit)
Blink to where?
Press: ? - help, Dir - move target cursor You are very lightly contaminated with residual magic.
As you read the scroll of blinking, it crumbles to dust.
The phantom blinks!
Your quasit bites the orc warrior but does no damage.
Your quasit closely misses the orc warrior.
Your quasit misses the orc warrior.
Your quasit bites the orc warrior but does no damage.
Your quasit claws the orc warrior but does no damage. x2
The phantom blinks!
The orc warrior hits you from afar with a glaive!!
You die...

########## ##.##@...§#
#..[W5§...# ##
###.##o##..############
.#
#...##.##.............#
.#
#[#.##§###.##########.#
.# ########)########.#
#.# .#
#.....).........#.# #.#
.###...............#.#
#.#
...#....#######....#.#
#.#


You could see a phantom, an orc warrior and a friendly quasit.

Vanquished Creatures
  The ghost of lastone the Poker, a novice DsWn of Okawaru (D:4)
  A soldier ant (D:5)
  A sky beast (D:5)
  An ogre (D:5)
  A scorpion (D:5)
  4 wights (D:5)
  A crimson imp (D:5)
  2 orc priests
  A centaur skeleton (D:5)
  A hound (D:4)
  3 orc wizards
  An iguana (D:5)
  8 worker ants
  A howler monkey skeleton (D:5)
  5 gnolls
  2 adders
  2 oozes
  4 worms
  6 dart slugs
  6 giant geckos
  10 orcs
  3 ball pythons
  4 giant cockroaches (D:5)
  8 goblins
  5 hobgoblins
  10 jackals
  A quokka (D:5)
  9 bats
  2 giant newts
  3 kobolds
  A quokka skeleton (D:5)
  A quokka zombie (D:5)
  12 rats
121 creatures vanquished.

Vanquished Creatures (collateral kills)
  The ghost of Shameful the Archer, a novice DsWn (D:6)
  Menkaure (D:4)
  2 worker ants (D:5)
  2 orcs (D:6)
  A bat (D:3)
  2 giant cockroaches (D:5)
  A jackal (D:3)
10 creatures vanquished.

Grand Total: 131 creatures vanquished

Notes
Turn   | Place    | Note
--------------------------------------------------------------
     0 | D:1      | Heskey the Demonspawn Gladiator began the quest for the Orb.
     0 | D:1      | Reached XP level 1. HP: 16/16 MP: 1/1
   233 | D:1      | Gained mutation: A weak demonic guardian rushes to your aid. [demonic ancestry]
   233 | D:1      | Reached XP level 2. HP: 19/23 MP: 2/2
   518 | D:1      | Reached skill level 1 in Armour
   557 | D:1      | Reached XP level 3. HP: 7/28 MP: 3/3
  1541 | D:2      | Reached skill level 3 in Fighting
  1767 | D:2      | Reached XP level 4. HP: 35/35 MP: 4/4
  1894 | D:2      | Found an oddly glowing altar of Pakellas.
  2899 | D:3      | Reached XP level 5. HP: 22/41 MP: 5/5
  2953 | D:3      | Found a shimmering altar of Xom.
  3104 | D:3      | Found a faded altar to an unknown god.
  3153 | D:3      | Found a glowing silver altar of Zin.
  3590 | D:4      | Noticed lastone's ghost (novice DsWn)
  3657 | D:4      | HP: 2/41 [lastone's ghost (4)]
  4087 | D:3      | Gained mutation: You have large cloven feet. [potion of mutation]
  4087 | D:3      | Gained mutation: Your spells are a little harder to cast, but a little more powerful. [potion of mutation]
  4087 | D:3      | Gained mutation: Your muscles are strong. (Str +2) [potion of mutation]
  4205 | D:4      | Found a burning altar of Makhleb.
  4205 | D:4      | Noticed a balrug
  4208 | D:4      | Noticed a neqoxec
  4208 | D:4      | Noticed a neqoxec
  4247 | D:4      | Killed lastone's ghost
  4247 | D:4      | Reached skill level 4 in Fighting
  4247 | D:4      | Reached XP level 6. HP: 8/48 MP: 6/6
  4501 | D:4      | Became a worshipper of Makhleb the Destroyer
  4704 | D:4      | Noticed Menkaure
  4712 | D:4      | Killed Menkaure
  4835 | D:4      | Reached XP level 7. HP: 5/55 MP: 7/7
  5169 | D:4      | Found a shadowy altar of Dithmenos.
  5289 | D:5      | Entered Level 5 of the Dungeon
  5355 | D:5      | Reached skill level 5 in Fighting
  5385 | D:5      | Reached skill level 5 in Polearms
  5416 | D:5      | Reached skill level 1 in Invocations
  5468 | D:5      | Found a staircase to the Ecumenical Temple.
  5966 | D:5      | Found a radiant altar of Vehumet.
  6019 | D:5      | Reached skill level 1 in Shields
  6047 | D:5      | Reached * piety under Makhleb
  6542 | D:5      | Found a runed door.
  6618 | D:5      | Found a runed door.
  6633 | D:5      | Gained mutation: You are slightly more attuned to the shadows. [demonic ancestry]
  6633 | D:5      | Reached XP level 8. HP: 54/64 MP: 9/9
  6660 | D:5      | Reached skill level 6 in Fighting
  7363 | D:6      | Noticed Shameful's ghost (novice DsWn)
  7381 | D:6      | Killed Shameful's ghost
  7381 | D:6      | Reached skill level 7 in Fighting
  7477 | D:6      | Reached ** piety under Makhleb
  7682 | D:5      | Demolished by an orc warrior

Vault maps used:
D:1:      wheals_arrival_linesprint
D:2:      grunt_pakellas_basics
D:3:      overflow_temple_1_default, overflow_temple_1_default,
          ecumenical_altar_1, first_bread, small_statue_alley_b,
          minmay_misc_feat_columns
D:4:      makhleb_altar_promises_db, marbit_many_paths, uniq_menkaure
D:5:      lemuel_insect_pit, vehumet_crystals, minmay_temple_entry_statues
D:6:      kennysheep_mini, lightli_temple_of_fire, solitary_fountain,
          corexii_leaking_fountain

Skill      XL: |  1  2  3  4  5  6  7  8 |
---------------+-------------------------+-----
Polearms       | 3 4 5 |  5.8
Armour         | 1 2 3 4 |  4.8
Fighting       | 3 4 5 7 |  7.1
Invocations    | 2 3 |  3.3
Shields        | 1 2 |  2.5
Throwing       | |  1.7
Dodging        | |  2.6

Action                   |  1- 3 |  4- 6 |  7- 9 || total
-------------------------+-------+-------+-------++-------
Melee: Trident           |   109 |   210 |   266 ||   585
Throw: Throwing net      |       |     1 |       ||     1
Evoke: Wand              |       |     2 |       ||     2
  Use: Potion            |       |    12 |     1 ||    13
       Scroll            |       |    11 |     2 ||    13
 Stab: Sleeping          |     2 |       |       ||     2
       Distracted        |       |     1 |     1 ||     2
       Held in net/web   |       |     1 |       ||     1
  Eat: Chunk             |     3 |     6 |     7 ||    16
       Beef jerky        |       |     1 |       ||     1
       Bread ration      |       |     1 |       ||     1
